AoeStats
← dashuaibi

Black Forest

508866382Analyzed
4v4 RM · 8d ago on Sep 24, 2026· 13m 40s· 8 players
Game mode
Random Map
Map size
Large (8 player)
Population
200
Speed
Normal
Resources
Standard
Victory
Conquest
Starting age
Dark Age
Ending age
Imperial Age
RankedLock teamsTeams togetherTeam positionsShared explorationLock speedFull tech treeHidden civsTurbo modeCheats
Victory
Defeat
🇨🇳 Lithuanians · China
1388
+12
🇮🇳 Mongols · India
1350
+13
🇪🇸 Khmer · Spain
1292
+16
🇧🇷 Bohemians · Brazil
1199
+20
🇻🇳 Ethiopians · Vietnam
1417
-20
🇻🇳 Lithuanians · Vietnam
1352
-18
🇨🇳 Persians · China
1200
-12
🇨🇳 Dravidians · China
1184
-11
chanakya
0:41 Loom
11:42 Feudal Age
11:49 Man-at-Arms
1234567
1:00 Loom
13:13 Feudal Age
dashuaibi
6:51 Loom
11:38 Feudal Age
LVrasta47
10:30 Loom
14:06 Feudal Age
piecardinap
13:20 Feudal Age
mryendl2410
2:19 Loom
15:16 Feudal Age
村口最强
0:31 Loom
14:09 Feudal Age
历史最强
11:41 Feudal Age
12:06 Feudal Age
Connection lost

Rejoining the realm…

Still unreachable

The connection could not be restored.

Session expired

The server has moved on; the page needs a fresh start.